[Event "Turkish Cup 2024"]
[Site "Denizli"]
[Date "2024.08.04"]
[Round "9"]
[White "Cevizci, Yusuf Baran"]
[Black "Onem, Cem"]
[Result "1-0"]
[ECO "C47"]
[WhiteElo "2102"]
[BlackElo "1830"]
[Annotator "RC"]
[PlyCount "67"]
[EventDate "2024.08.01"]
[EventType "swiss"]
[EventCountry "TUR"]
[SourceTitle "playchess.com"]
[Source "ChessBase"]
[SourceQuality "1"]
[TimeControl "5400+30"]

1. e4 e5 2. Nf3 Nc6 3. Nc3 Nf6 4. h3 Bb4 5. Bd3 a6 6. O-O d6 7. a3 Bc5 8. b4 Ba7 9. Bb2 O-O 10. Ne2 Bd7 11. Rc1 Ne7 12. c4 Bc6 13. Ng3 Ng6 14. Bb1 Re8 15. Re1 Qd7 16. d4 Ba4 17. Qd2 exd4 18. Nxd4 c5 19. Ndf5 Re6 20. Nxg7 Kxg7 21. Nh5+ Kf8 22. Nxf6 Qc6 23. Qh6+ Ke7 24. Nd5+ Kd7 25. Qxh7 Rf8 26. e5 dxe5 27. Bf5 cxb4 28. axb4 Kd8 29. Bxe6 fxe6 30. Ne3 Nf4 31. Qg7 Ke8 32. b5 Qe4 33. Ba3 Rf5 34. Qe7# 1-0

[Event "Turkish Cup 2024"]
[Site "Denizli"]
[Date "2024.08.04"]
[Round "9"]
[White "Atis, Hasan"]
[Black "Acar, Erdogan"]
[Result "1-0"]
[ECO "B35"]
[WhiteElo "2080"]
[BlackElo "1726"]
[Annotator "RC"]
[PlyCount "195"]
[EventDate "2024.08.01"]
[EventType "swiss"]
[EventCountry "TUR"]
[SourceTitle "playchess.com"]
[Source "ChessBase"]
[SourceQuality "1"]
[TimeControl "5400+30"]

1. e4 c5 2. Nf3 g6 3. d4 cxd4 4. Nxd4 Bg7 5. Nc3 Nc6 6. Be3 Nf6 7. Bc4 Qa5 8. O-O O-O 9. Bb3 d6 10. h3 Bd7 11. Re1 Rac8 12. Nf3 Qh5 13. Nd5 Nxe4 14. Bxa7 Ng5 15. Nxg5 Qxg5 16. Be3 Qh4 17. c3 Be6 18. Qd2 h6 19. Nf4 Bxb3 20. axb3 Ne5 21. Ra4 Qg5 22. Kh1 Qf5 23. Nd5 Rfe8 24. Rd4 g5 25. f4 Ng6 26. Rb4 g4 27. hxg4 Qxg4 28. Bf2 e6 29. Ne3 Qh5+ 30. Kg1 d5 31. g3 Rcd8 32. Qd1 Qh3 33. Qg4 Qxg4 34. Nxg4 h5 35. Ne5 Bxe5 36. fxe5 Rd7 37. Kg2 Ra8 38. Ra4 Rdd8 39. Bc5 Rdc8 40. Bd4 Ne7 41. Kf3 Kg7 42. Rg1 b5 43. Raa1 Nf5 44. Be3 Ne7 45. Rh1 Kg6 46. Kf4 Nf5 47. Rag1 Nh6 48. Ra1 Ng4 49. Bd4 Nh6 50. Rhg1 Ng4 51. b4 Nh6 52. Ra5 Rab8 53. Bc5 Rb7 54. Rga1 Ng4 55. Ra7 Rcc7 56. Rxb7 Rxb7 57. Ra8 Nh6 58. Re8 Kh7 59. Be7 Rc7 60. Bc5 Rb7 61. Rf8 Kg7 62. Ra8 Kh7 63. Rc8 Kg6 64. Re8 Kh7 65. Be7 Rc7 66. Kg5 Ng8 67. Bc5 Nh6 68. Kxh5 Nf5 69. Kg4 Rb7 70. Kf4 Kg7 71. g4 Nh4 72. Bd4 Ng2+ 73. Kg5 Ne1 74. Bc5 Nf3+ 75. Kf4 Nh4 76. Bf8+ Kh7 77. Kg5 Nf3+ 78. Kf4 Nh4 79. Bd6 Kg7 80. Ke3 Ng2+ 81. Kd4 Nf4 82. Be7 Rc7 83. Bf6+ Kh7 84. Ke3 Ng6 85. Rb8 Rc4 86. Rxb5 Rxg4 87. Rb7 Re4+ 88. Kd2 Kg8 89. Rb8+ Kh7 90. b5 Nf4 91. Rh8+ Kg6 92. Rh2 Ra4 93. b6 Ra8 94. Rh8 Ra2 95. Kc2 d4 96. b7 d3+ 97. Kb1 d2 98. Rh1 1-0

[Event "Turkish Cup 2024"]
[Site "Denizli"]
[Date "2024.08.04"]
[Round "9"]
[White "Turgut, Hakan"]
[Black "Dargali, Hakan"]
[Result "1/2-1/2"]
[ECO "E01"]
[WhiteElo "2052"]
[BlackElo "1973"]
[Annotator "RC"]
[PlyCount "90"]
[EventDate "2024.08.01"]
[EventType "swiss"]
[EventCountry "TUR"]
[SourceTitle "playchess.com"]
[Source "ChessBase"]
[SourceQuality "1"]
[TimeControl "5400+30"]

1. d4 Nf6 2. g3 e6 3. Bg2 d5 4. Nf3 Bd6 5. O-O O-O 6. c4 c6 7. Qc2 Nbd7 8. Rd1 Qe7 9. Nbd2 Re8 10. e4 dxe4 11. Nxe4 Nxe4 12. Qxe4 e5 13. Bg5 f6 14. Be3 exd4 15. Qxe7 Bxe7 16. Bxd4 Nf8 17. Be3 Ne6 18. Bh3 Kf7 19. Nd2 b6 20. Ne4 Ba6 21. Rd7 Red8 22. Nd6+ Kf8 23. Bxe6 Rxd7 24. Bxd7 Bxd6 25. Rd1 Rd8 26. Rxd6 Ke7 27. c5 Rxd7 28. Rxd7+ Kxd7 29. cxb6 axb6 30. Bxb6 Ke6 31. Bd4 g5 32. g4 Be2 33. h3 f5 34. gxf5+ Kxf5 35. a4 h5 36. Kg2 g4 37. Kg3 Bf1 38. hxg4+ hxg4 39. Kh4 Be2 40. Bb6 Ke6 41. Kg5 Kd7 42. a5 Kc8 43. a6 Kb8 44. a7+ Kb7 45. Bc5 Bd1 1/2-1/2

[Event "Turkish Cup 2024"]
[Site "Denizli"]
[Date "2024.08.04"]
[Round "9"]
[White "Yildirim, Ibrahim Halil"]
[Black "Cakir, Mert"]
[Result "1-0"]
[ECO "B45"]
[WhiteElo "2024"]
[BlackElo "1990"]
[Annotator "RC"]
[PlyCount "149"]
[EventDate "2024.08.01"]
[EventType "swiss"]
[EventCountry "TUR"]
[SourceTitle "playchess.com"]
[Source "ChessBase"]
[SourceQuality "1"]
[TimeControl "5400+30"]

1. e4 c5 2. Nf3 e6 3. d4 cxd4 4. Nxd4 Nc6 5. Nc3 Nf6 6. Nxc6 bxc6 7. e5 Nd5 8. Ne4 Qc7 9. f4 Qb6 10. c4 Bb4+ 11. Ke2 f5 12. Nf2 Ba6 13. Kf3 Ne7 14. Be3 Bc5 15. Bxc5 Qxc5 16. Qd6 Qb6 17. Be2 c5 18. Rhd1 Rd8 19. b3 Nc8 20. Qxb6 axb6 21. a4 Bb7+ 22. Ke3 d6 23. exd6 Rxd6 24. Rxd6 Nxd6 25. a5 Kd7 26. axb6 Kc6 27. b4 cxb4 28. Rc1 Ne4 29. c5 Nxc5 30. Nd3 Kxb6 31. Nxc5 Bd5 32. Nd7+ Kb7 33. Rb1 Kc7 34. Nc5 Kd6 35. Nd3 b3 36. g3 Rb8 37. Bd1 h6 38. Nc1 g5 39. Bxb3 gxf4+ 40. gxf4 e5 41. Bc2 Rxb1 42. Bxb1 exf4+ 43. Kxf4 Be6 44. Bxf5 Bc4 45. Bd3 Be6 46. Ne2 Ke7 47. Ng3 Kf6 48. Nh5+ Kf7 49. Ke5 Bg4 50. Nf4 Kg7 51. Bf5 Bd1 52. Ke6 Bb3+ 53. Ke7 Bf7 54. h3 Bc4 55. Nh5+ Kh8 56. Kf6 Bg8 57. Bd3 Bb3 58. Nf4 Bg8 59. Kg6 Ba2 60. Kxh6 Bf7 61. Bg6 Bg8 62. h4 Bf7 63. h5 Bc4 64. Be8 Bb3 65. Ng6+ Kg8 66. Ne5 Ba2 67. Bd7 Kh8 68. Kg6 Bb1+ 69. Bf5 Ba2 70. h6 Be6 71. Kf6 Bg8 72. Be4 Ba2 73. h7 Bb3 74. Kg6 Bd5 75. Kh6 1-0

[Event "Turkish Cup 2024"]
[Site "Denizli"]
[Date "2024.08.04"]
[Round "9"]
[White "Manas, Eren"]
[Black "Ilgaz, Yusuf Kerem"]
[Result "0-1"]
[ECO "B57"]
[WhiteElo "2013"]
[BlackElo "2006"]
[Annotator "RC"]
[PlyCount "148"]
[EventDate "2024.08.01"]
[EventType "swiss"]
[EventCountry "TUR"]
[SourceTitle "playchess.com"]
[Source "ChessBase"]
[SourceQuality "1"]
[TimeControl "5400+30"]

1. e4 c5 2. Nf3 d6 3. d4 cxd4 4. Nxd4 Nf6 5. Nc3 Nc6 6. Bc4 Qb6 7. Nb3 e6 8. O-O Be7 9. Be3 Qc7 10. Be2 a6 11. a4 Ne5 12. a5 Bd7 13. Bb6 Qc8 14. Nd2 Bc6 15. f4 Ned7 16. Be3 O-O 17. Bf3 d5 18. e5 Ne8 19. Nb3 Nc7 20. Nd4 Nb5 21. Nce2 Qc7 22. c4 Nxd4 23. Nxd4 Bc5 24. cxd5 Bxd5 25. Bxd5 exd5 26. Qb3 Rfd8 27. Rfc1 Nf8 28. Qd3 Qe7 29. Kh1 Bxd4 30. Bxd4 g6 31. Bb6 Rd7 32. Rc2 Qe6 33. Rac1 Qg4 34. Rf2 Qf5 35. Qxf5 gxf5 36. Rd2 Ne6 37. g3 d4 38. Rd3 Rd5 39. Rc4 Re8 40. Kg2 Re7 41. Kf3 Red7 42. h3 f6 43. exf6 Kf7 44. g4 Kxf6 45. Kg3 R7d6 46. Rc8 Rc6 47. Rb8 Rd7 48. Kf3 Rc2 49. b3 Rc3 50. Rxc3 dxc3 51. Rc8 Rd3+ 52. Be3 Nd4+ 53. Kf2 Nxb3 54. Ke2 Rd5 55. Rxc3 Nxa5 56. Rc7 Kg6 57. Bb6 Nc6 58. Ke3 Rb5 59. Rxb7 Na5 60. gxf5+ Kh6 61. Rb8 Nc4+ 62. Kf3 Nxb6 63. Kg4 Nd5 64. Ra8 Rb6 65. Rd8 Ne3+ 66. Kf3 Nxf5 67. Ke4 Kg6 68. Rg8+ Ng7 69. f5+ Kf7 70. Rh8 h5 71. Ra8 Rb4+ 72. Ke5 Rb5+ 73. Ke4 Ra5 74. h4 Nxf5 0-1

[Event "Turkish Cup 2024"]
[Site "Denizli"]
[Date "2024.08.04"]
[Round "9"]
[White "Akkara, Omer"]
[Black "Ozgun, Yigit Deniz"]
[Result "1-0"]
[ECO "B50"]
[WhiteElo "1998"]
[BlackElo "1973"]
[Annotator "RC"]
[PlyCount "295"]
[EventDate "2024.08.01"]
[EventType "swiss"]
[EventCountry "TUR"]
[SourceTitle "playchess.com"]
[Source "ChessBase"]
[SourceQuality "1"]
[TimeControl "5400+30"]

1. e4 c5 2. Nf3 d6 3. c3 Nf6 4. Be2 g6 5. O-O Bg7 6. Bb5+ Nc6 7. d4 O-O 8. Re1 cxd4 9. cxd4 Qb6 10. Nc3 Bg4 11. Be3 Bxf3 12. gxf3 Qa5 13. d5 Ne5 14. f4 Ned7 15. Bd4 a6 16. Bxd7 Nxd7 17. Bxg7 Kxg7 18. e5 Qb4 19. Re4 Qxb2 20. Na4 Qa3 21. Qd4 dxe5 22. fxe5 b5 23. e6+ Kg8 24. exd7 bxa4 25. Rae1 Rad8 26. Rxe7 Qd6 27. R1e6 Qc7 28. Rc6 Qb7 29. Qb6 Qxb6 30. Rxb6 Ra8 31. f4 Kg7 32. Rc6 Rfd8 33. d6 Kf6 34. Kf2 a5 35. Ke3 a3 36. Kd3 Ra7 37. Kc4 Raxd7 38. Rxd7 Rxd7 39. Kd5 Rb7 40. Rc3 Rb2 41. Rxa3 Rxh2 42. Kc6 Rc2+ 43. Kd7 h5 44. Rd3 Kg7 45. Ke7 Re2+ 46. Kd8 Rc2 47. a3 Kf8 48. Rb3 f6 49. Rb8 h4 50. Rc8 Rd2 51. d7 g5 52. fxg5 fxg5 53. Rc5 Kf7 54. Rxg5 h3 55. Rxa5 h2 56. Rh5 Ra2 57. Rh7+ Kf8 58. Kc7 Rc2+ 59. Kb6 Rd2 60. Rxh2 Rxd7 61. a4 Rd1 62. Rh5 Ke7 63. Rb5 Kd8 64. Kb7 Rd7+ 65. Kb8 Rd4 66. a5 Kd7 67. Rb6 Rc4 68. Rb7+ Kd6 69. Rb6+ Kd7 70. Kb7 Rc7+ 71. Kb8 Rc8+ 72. Ka7 Rc7+ 73. Rb7 Kc8 74. a6 Rc1 75. Kb6 Rb1+ 76. Ka7 Rc1 77. Rb2 Rc6 78. Rh2 Rc1 79. Rh6 Rb1 80. Rc6+ Kd7 81. Rb6 Rc1 82. Rb7+ Kc8 83. Rb5 Rc6 84. Rb7 Rc1 85. Rb4 Rc6 86. Rg4 Rc1 87. Rg8+ Kc7 88. Rh8 Rb1 89. Rh2 Rb3 90. Rc2+ Kd7 91. Rc5 Kd6 92. Rc8 Kd7 93. Rb8 Ra3 94. Rb1 Kc7 95. Rc1+ Kd7 96. Kb6 Rb3+ 97. Ka5 Ra3+ 98. Kb5 Kd8 99. Rc4 Kd7 100. Kb6 Rb3+ 101. Ka5 Ra3+ 102. Kb5 Kd8 103. Kb6 Rb3+ 104. Kc6 Ra3 105. Kb7 Rb3+ 106. Ka8 Kd7 107. Rh4 Kc7 108. Rh1 Rb2 109. Rc1+ Kd7 110. Ka7 Rb3 111. Rg1 Rb2 112. Rg7+ Kc8 113. Rb7 Ra2 114. Rb5 Kc7 115. Rc5+ Kd6 116. Rc1 Kd7 117. Kb7 Rb2+ 118. Ka8 Ra2 119. a7 Rb2 120. Rh1 Kc7 121. Rh7+ Kc8 122. Rh6 Kc7 123. Rh5 Kc6 124. Rh8 Kc7 125. Rh3 Kc8 126. Rh1 Kc7 127. Rd1 Kc8 128. Rh1 Kc7 129. Rh6 Kc8 130. Rh5 Kc7 131. Rh4 Rb1 132. Rc4+ Kd7 133. Rg4 Rb2 134. Rg7+ Kc8 135. Rg8+ Kc7 136. Rb8 Ra2 137. Rb1 Kc8 138. Rc1+ Kd7 139. Kb7 Rb2+ 140. Ka6 Ra2+ 141. Kb6 Rb2+ 142. Kc5 Ra2 143. Rh1 Rc2+ 144. Kb4 Rc8 145. Kb5 Rg8 146. Kb6 Kd6 147. Rh7 Rc8 148. Kb7 1-0

[Event "Turkish Cup 2024"]
[Site "Denizli"]
[Date "2024.08.04"]
[Round "9"]
[White "Tezcan, Alper"]
[Black "Tektas, Onur Efe"]
[Result "0-1"]
[ECO "B45"]
[WhiteElo "1989"]
[BlackElo "1851"]
[Annotator "RC"]
[PlyCount "138"]
[EventDate "2024.08.01"]
[EventType "swiss"]
[EventCountry "TUR"]
[SourceTitle "playchess.com"]
[Source "ChessBase"]
[SourceQuality "1"]
[TimeControl "5400+30"]

1. e4 c5 2. Nf3 e6 3. d4 cxd4 4. Nxd4 Nf6 5. Nc3 Nc6 6. Qd3 d5 7. exd5 Nxd5 8. Nxc6 bxc6 9. Ne4 f5 10. Nd2 Be7 11. Nf3 Bf6 12. c4 Nb4 13. Qb3 Qb6 14. Be3 c5 15. Be2 O-O 16. O-O Bb7 17. Bf4 Be4 18. Ne5 Nc2 19. Rad1 Qxb3 20. axb3 Nd4 21. Bd3 g5 22. Bxe4 fxe4 23. Nd7 gxf4 24. Nxf8 Kxf8 25. Rfe1 Rb8 26. Rxe4 Rxb3 27. Kf1 e5 28. Ra1 Rxb2 29. Rxa7 h5 30. Re1 Rc2 31. Rb1 Be7 32. Re1 Bf6 33. Rb1 Ke8 34. f3 Rxc4 35. Rb8+ Bd8 36. Rh7 Rc1+ 37. Kf2 Rc2+ 38. Kf1 Ne6 39. Rxh5 Kd7 40. Rb1 Bc7 41. Rh7+ Kc6 42. h4 c4 43. Rd1 Nd4 44. h5 c3 45. h6 Ra2 46. Rf7 c2 47. Rc1 Ra8 48. h7 Ba5 49. Ra7 Rh8 50. Rxa5 Rxh7 51. Kf2 Kd6 52. Ra3 Rc7 53. Ke1 Kd5 54. Kd2 Rg7 55. Rg1 Rb7 56. Rc1 Rg7 57. Rg1 e4 58. Ra5+ Kc4 59. Ra4+ Kc5 60. fxe4 f3 61. g4 f2 62. Rf1 Rxg4 63. Ra5+ Kb4 64. Rd5 Rg1 65. Rxd4+ Kb3 66. Rd3+ Kb2 67. Rc3 Rxf1 68. Rxc2+ Kb1 69. Ke2 Rh1 0-1

[Event "Turkish Cup 2024"]
[Site "Denizli"]
[Date "2024.08.04"]
[Round "9"]
[White "Bulgurlu, Okan"]
[Black "Topal, Hasan Gokmen"]
[Result "1/2-1/2"]
[ECO "B20"]
[WhiteElo "1964"]
[BlackElo "1905"]
[Annotator "RC"]
[PlyCount "82"]
[EventDate "2024.08.01"]
[EventType "swiss"]
[EventCountry "TUR"]
[SourceTitle "playchess.com"]
[Source "ChessBase"]
[SourceQuality "1"]
[TimeControl "5400+30"]

1. e4 c5 2. b3 g6 3. Bb2 Nf6 4. e5 Nd5 5. Qf3 Nb4 6. Bc4 e6 7. Na3 N8c6 8. Qg3 Nd4 9. O-O-O a6 10. Ne2 b5 11. c3 bxc4 12. cxd4 Nd3+ 13. Kb1 Nxb2 14. Kxb2 cxb3 15. axb3 Bb7 16. h4 cxd4 17. Nc4 Bd5 18. Ra1 h5 19. Qd3 d6 20. Qxd4 Bg7 21. Nc3 Bxc4 22. Qxc4 O-O 23. Rxa6 dxe5 24. Kc2 Rxa6 25. Qxa6 Qd4 26. f3 Rd8 27. Qe2 Bh6 28. Rd1 Qxh4 29. Qxe5 Qb4 30. Qb5 Qd4 31. Qc4 Qf2 32. Qe2 Qb6 33. g3 Rb8 34. Rb1 Rd8 35. f4 Bg7 36. b4 Qa7 37. Qe3 Bd4 38. Qd3 Rc8 39. Kb3 Ra8 40. Kc2 Rc8 41. Kb3 Ra8 1/2-1/2

[Event "Turkish Cup 2024"]
[Site "Denizli"]
[Date "2024.08.04"]
[Round "9"]
[White "Celik, Ege Yigit"]
[Black "Dulger, Batuhan Ihsan"]
[Result "1-0"]
[ECO "A28"]
[WhiteElo "1949"]
[BlackElo "1667"]
[Annotator "RC"]
[PlyCount "101"]
[EventDate "2024.08.01"]
[EventType "swiss"]
[EventCountry "TUR"]
[SourceTitle "playchess.com"]
[Source "ChessBase"]
[SourceQuality "1"]
[TimeControl "5400+30"]

1. c4 e5 2. Nc3 Nf6 3. Nf3 Nc6 4. e4 Bc5 5. Nxe5 Nxe5 6. d4 Bd6 7. c5 Bxc5 8. dxe5 Ng8 9. Qg4 Kf8 10. Qg3 d6 11. Bc4 Qe8 12. Bf4 Be6 13. Bxe6 Qxe6 14. O-O h5 15. exd6 h4 16. Qd3 Bxd6 17. Bxd6+ Qxd6 18. Qxd6+ cxd6 19. Rfd1 Rd8 20. Nb5 d5 21. exd5 Rh5 22. Nc3 Nf6 23. Rd4 a6 24. Rad1 Ne8 25. g4 hxg3 26. hxg3 Nd6 27. Re1 Nb5 28. Nxb5 axb5 29. d6 Rc5 30. Re7 b6 31. Rb7 Rc6 32. d7 Ke7 33. Rb4 Rxd7 34. Rxd7+ Kxd7 35. Rxb5 Kc7 36. Rb3 Rc1+ 37. Kg2 Ra1 38. a3 Kc6 39. Kf3 Kc5 40. Rc3+ Kd6 41. Ke4 Re1+ 42. Kd3 Rd1+ 43. Kc4 Rf1 44. Kb5 Rxf2 45. b4 Kd5 46. Kxb6 Kd4 47. Rc7 Rf3 48. a4 Rxg3 49. Rxf7 Kc4 50. b5 Rg6+ 51. Kc7 1-0

[Event "Turkish Cup 2024"]
[Site "Denizli"]
[Date "2024.08.04"]
[Round "9"]
[White "Saygin, Nurettin"]
[Black "Turk, Talha Gunes"]
[Result "0-1"]
[ECO "B45"]
[WhiteElo "1937"]
[BlackElo "1776"]
[Annotator "RC"]
[PlyCount "80"]
[EventDate "2024.08.01"]
[EventType "swiss"]
[EventCountry "TUR"]
[SourceTitle "playchess.com"]
[Source "ChessBase"]
[SourceQuality "1"]
[TimeControl "5400+30"]

1. e4 c5 2. Nf3 e6 3. d4 cxd4 4. Nxd4 Nf6 5. Nc3 Nc6 6. Ndb5 d6 7. Bg5 a6 8. Bxf6 gxf6 9. Na3 b5 10. Ncb1 Bg7 11. c3 O-O 12. g3 Bb7 13. Bg2 Ne7 14. O-O f5 15. exf5 Bxg2 16. Kxg2 Nxf5 17. Nc2 Qb6 18. Nd2 Kh8 19. Qf3 Ne7 20. Rfd1 f5 21. a4 d5 22. a5 Qd6 23. Nb3 f4 24. Qg4 Rf6 25. Nb4 Raf8 26. Rd2 Bh6 27. Rc2 Rg6 28. Qh3 Nf5 29. Kh1 Rfg8 30. Rg1 fxg3 31. fxg3 Bf4 32. g4 Rh6 33. Qf3 Bxh2 34. g5 Ng3+ 35. Rxg3 Bxg3+ 36. gxh6 e5 37. Qh5 Qf8 38. Rg2 Rg6 39. Qd1 Qxh6+ 40. Kg1 Qe3+ 0-1

[Event "Turkish Cup 2024"]
[Site "Denizli"]
[Date "2024.08.04"]
[Round "9"]
[White "Sezis, Doruk"]
[Black "Ekinci, Berkay"]
[Result "1/2-1/2"]
[ECO "A19"]
[WhiteElo "1932"]
[BlackElo "1976"]
[Annotator "RC"]
[PlyCount "127"]
[EventDate "2024.08.01"]
[EventType "swiss"]
[EventCountry "TUR"]
[SourceTitle "playchess.com"]
[Source "ChessBase"]
[SourceQuality "1"]
[TimeControl "5400+30"]

1. c4 Nf6 2. Nc3 e6 3. e4 c5 4. e5 Ng8 5. f4 Nc6 6. Nf3 d6 7. d3 Nge7 8. exd6 Nf5 9. Ne4 Bxd6 10. g3 e5 11. Nxd6+ Qxd6 12. fxe5 Nxe5 13. Bf4 Nxf3+ 14. Qxf3 Qe6+ 15. Qe4 Nd4 16. O-O-O Qxe4 17. dxe4 Bg4 18. Re1 O-O-O 19. h4 Rhe8 20. Re3 Ne6 21. Bd3 f6 22. Kd2 Nd4 23. Kc3 Nc6 24. e5 g5 25. hxg5 fxe5 26. Rhe1 b5 27. cxb5 Ne7 28. Rxe5 Nd5+ 29. Rxd5 Rxe1 30. Rxc5+ Kb7 31. Bxh7 Be6 32. a4 Bd5 33. Bf5 a6 34. bxa6+ Kxa6 35. g6 Kb7 36. Rxd5 Rxd5 37. g7 Rd8 38. Bh7 Ree8 39. g4 Rc8+ 40. Kb4 Kc6 41. a5 Kd5 42. g8=Q+ Rxg8 43. Bxg8+ Rxg8 44. g5 Kc6 45. Kc4 Re8 46. Bd2 Re4+ 47. Kd3 Rg4 48. b4 Kb5 49. Ke2 Rg2+ 50. Kd3 Rg4 51. Ke2 Rg2+ 52. Ke1 Ka6 53. Be3 Kb5 54. Kf1 Rg4 55. Bd2 Rd4 56. Ke2 Rg4 57. Kf3 Rd4 58. Be1 Rd1 59. Bf2 Kxb4 60. a6 Kb5 61. a7 Rd8 62. Bg3 Kc6 63. Bb8 Kb7 64. Ke4 1/2-1/2

[Event "Turkish Cup 2024"]
[Site "Denizli"]
[Date "2024.08.04"]
[Round "9"]
[White "Demirag, Batuhan"]
[Black "Akyuz, Murat"]
[Result "1-0"]
[ECO "A08"]
[WhiteElo "1912"]
[BlackElo "1890"]
[Annotator "RC"]
[PlyCount "77"]
[EventDate "2024.08.01"]
[EventType "swiss"]
[EventCountry "TUR"]
[SourceTitle "playchess.com"]
[Source "ChessBase"]
[SourceQuality "1"]
[TimeControl "5400+30"]

1. Nf3 d5 2. g3 c5 3. Bg2 Nc6 4. O-O e5 5. d3 Be7 6. Nbd2 Nf6 7. e4 d4 8. Nc4 Qc7 9. a4 Bg4 10. h3 Be6 11. b3 h6 12. Nh4 Qd7 13. Kh2 g5 14. Nf5 Bxf5 15. exf5 Qxf5 16. Qe2 O-O 17. f4 gxf4 18. gxf4 exf4 19. Bxf4 Qe6 20. Qxe6 fxe6 21. Bxh6 Rf7 22. Rae1 e5 23. Kh1 e4 24. dxe4 Nd7 25. Rf5 Nb4 26. Re2 Re8 27. Rxf7 Kxf7 28. e5 Nf8 29. Bxb7 Ne6 30. Rf2+ Kg6 31. Bd2 Bg5 32. Be4+ Kg7 33. Rg2 Kh6 34. Rxg5 Nxg5 35. h4 d3 36. cxd3 Kh5 37. Bxg5 Kg4 38. Kg2 Nc2 39. Bf3+ 1-0

[Event "Turkish Cup 2024"]
[Site "Denizli"]
[Date "2024.08.04"]
[Round "9"]
[White "Herdem, Talha"]
[Black "Tutuncu, Ali"]
[Result "0-1"]
[ECO "B06"]
[WhiteElo "1911"]
[BlackElo "2041"]
[Annotator "RC"]
[PlyCount "66"]
[EventDate "2024.08.01"]
[EventType "swiss"]
[EventCountry "TUR"]
[SourceTitle "playchess.com"]
[Source "ChessBase"]
[SourceQuality "1"]
[TimeControl "5400+30"]

1. e4 g6 2. d4 Bg7 3. Nc3 d6 4. Bg5 a6 5. Qd2 b5 6. O-O-O h6 7. Be3 Bb7 8. f3 Nd7 9. g4 Rc8 10. h4 c5 11. Nce2 b4 12. Kb1 Qc7 13. Nh3 Nb6 14. b3 c4 15. Ng3 a5 16. h5 g5 17. f4 Nf6 18. Nf2 d5 19. e5 Ne4 20. Nfxe4 dxe4 21. Nf5 cxb3 22. Bb5+ Kf8 23. cxb3 gxf4 24. Bxf4 e3 25. Bxe3 Bxh1 26. Rxh1 Qb7 27. Rf1 Rc3 28. Bd3 Nd5 29. Nxg7 Nxe3 30. Qxe3 Kxg7 31. Qf4 Qd5 32. Be4 Rxb3+ 33. Ka1 Qxd4# 0-1

[Event "Turkish Cup 2024"]
[Site "Denizli"]
[Date "2024.08.04"]
[Round "9"]
[White "Karadag, Eflatun Cem"]
[Black "Metin, Enis"]
[Result "0-1"]
[ECO "A47"]
[WhiteElo "1883"]
[BlackElo "2142"]
[Annotator "RC"]
[PlyCount "124"]
[EventDate "2024.08.01"]
[EventType "swiss"]
[EventCountry "TUR"]
[SourceTitle "playchess.com"]
[Source "ChessBase"]
[SourceQuality "1"]
[TimeControl "5400+30"]

1. d4 Nf6 2. Nf3 e6 3. e3 c5 4. c3 b6 5. Bd3 Bb7 6. Nbd2 d6 7. Qe2 Nbd7 8. e4 e5 9. dxe5 dxe5 10. O-O Be7 11. Rd1 O-O 12. Ba6 Bc6 13. a4 Qc7 14. Bb5 Rfd8 15. a5 Bxb5 16. Qxb5 a6 17. axb6 axb5 18. bxc7 Rxa1 19. cxd8=Q+ Bxd8 20. Nb3 Ra8 21. Bg5 c4 22. Ra1 Rxa1+ 23. Nxa1 Bb6 24. Nd2 Nc5 25. Be3 Ng4 26. Nc2 Kf8 27. h3 Nxe3 28. Nxe3 Nd3 29. Nd1 Bd8 30. b3 Bg5 31. Nf3 Bc1 32. bxc4 bxc4 33. Kf1 f6 34. Ne1 Ke7 35. Nc2 Kd6 36. g3 Kc5 37. Ke2 Kb5 38. Nce3 Ba3 39. Kd2 Bc5 40. f3 h5 41. Nf5 Bf8 42. Nfe3 g6 43. Nd5 Bh6+ 44. Ke2 h4 45. gxh4 Nf4+ 46. Nxf4 Bxf4 47. Nf2 Ka4 48. Ng4 f5 49. exf5 gxf5 50. Ne3 Kb3 51. Nxf5 Kxc3 52. h5 Kb3 53. h6 Bxh6 54. Nxh6 c3 55. Ng4 c2 56. Nxe5 c1=Q 57. Nd3 Qh6 58. Nf2 Kc2 59. Kf1 Kd2 60. Kg2 Ke2 61. Ne4 Qg7+ 62. Ng3+ Ke3 0-1

[Event "Turkish Cup 2024"]
[Site "Denizli"]
[Date "2024.08.04"]
[Round "9"]
[White "Yuksel, Davut Can"]
[Black "Eroglu, Berke"]
[Result "0-1"]
[ECO "A41"]
[WhiteElo "1882"]
[BlackElo "1873"]
[Annotator "NA COMBH"]
[PlyCount "108"]
[EventDate "2024.08.01"]
[EventType "swiss"]
[EventCountry "TUR"]
[SourceTitle "playchess.com"]
[Source "ChessBase"]
[SourceQuality "1"]
[TimeControl "5400+30"]

1. d4 d6 2. Nf3 g6 3. c4 Bg7 4. Nc3 e5 5. h3 Nc6 6. Bg5 f6 7. Bh4 g5 8. Bg3 f5 9. e3 e4 10. d5 Bxc3+ 11. bxc3 exf3 12. dxc6 Qf6 13. Qd4 bxc6 14. gxf3 c5 15. Qxf6 Nxf6 16. Rb1 Bd7 17. h4 g4 18. fxg4 Bc6 19. Rg1 fxg4 20. Bd3 Be4 21. Kd2 Kd7 22. Rb2 Bxd3 23. Kxd3 Rab8 24. Rgb1 Rxb2 25. Rxb2 Kc6 26. a4 Rf8 27. Bf4 a5 28. Rb5 Ra8 29. Rb1 h5 30. Rb5 Nd7 31. Rb1 Nb6 32. Ra1 Re8 33. Ra2 Kd7 34. Rb2 Ke6 35. Bg3 Kd7 36. Bf4 Ra8 37. Ra2 Kc6 38. Bg3 Rb8 39. Ra1 Nd7 40. Ke4 Rf8 41. Ra2 Nf6+ 42. Kf5 Nd5+ 43. Kg6 Nxc3 44. Ra3 Ne4 45. Kxh5 Nxf2 46. Bxf2 Rxf2 47. Kxg4 Rc2 48. h5 Rxc4+ 49. Kg5 Rc1 50. e4 Rg1+ 51. Kf4 Rh1 52. Kg4 c4 53. Rf3 Kc5 54. Rf7 c6 0-1

[Event "Turkish Cup 2024"]
[Site "Denizli"]
[Date "2024.08.04"]
[Round "9"]
[White "Avsar, Gediz"]
[Black "Polat, Ali Gorkem"]
[Result "1-0"]
[ECO "B31"]
[WhiteElo "1880"]
[BlackElo "1798"]
[Annotator "NA COMBH"]
[PlyCount "75"]
[EventDate "2024.08.01"]
[EventType "swiss"]
[EventCountry "TUR"]
[SourceTitle "playchess.com"]
[Source "ChessBase"]
[SourceQuality "1"]
[TimeControl "5400+30"]

1. e4 c5 2. Nf3 Nc6 3. Bb5 g6 4. Bxc6 dxc6 5. d3 Bg7 6. h3 e5 7. O-O Qe7 8. Nc3 Nf6 9. Be3 O-O 10. Qd2 b6 11. Bh6 Nd7 12. Bxg7 Kxg7 13. Rae1 Ba6 14. b3 Rad8 15. Nh2 Nf6 16. f4 c4 17. bxc4 Bxc4 18. f5 h6 19. Kh1 Ba6 20. Re3 Nh5 21. Ref3 Kh7 22. Ng4 g5 23. f6 Qc5 24. g3 Bc8 25. Nd1 Rg8 26. Nde3 Rd6 27. Qh2 Rg6 28. Nf5 Bxf5 29. Rxf5 Re6 30. h4 gxh4 31. Qxh4 Nxg3+ 32. Qxg3 Qxc2 33. Qh3 Qe2 34. Nxe5 Rxe5 35. Rxe5 Qxa2 36. Ref5 Qe6 37. R5f3 Qe5 38. Rg1 1-0

[Event "Turkish Cup 2024"]
[Site "Denizli"]
[Date "2024.08.04"]
[Round "9"]
[White "Karaca, Yigit"]
[Black "Yildiz, Talat"]
[Result "0-1"]
[ECO "B27"]
[WhiteElo "1879"]
[BlackElo "1956"]
[Annotator "RC"]
[PlyCount "102"]
[EventDate "2024.08.01"]
[EventType "swiss"]
[EventCountry "TUR"]
[SourceTitle "playchess.com"]
[Source "ChessBase"]
[SourceQuality "1"]
[TimeControl "5400+30"]

1. e4 c5 2. Nf3 g6 3. c3 Bg7 4. d4 cxd4 5. cxd4 d5 6. e5 Nc6 7. Bb5 Bg4 8. Bxc6+ bxc6 9. Nbd2 e6 10. h3 Bxf3 11. Qxf3 c5 12. dxc5 Bxe5 13. O-O Ne7 14. Rd1 Qc8 15. Qe2 Bg7 16. Nb3 O-O 17. Bf4 Nc6 18. Bd6 Rd8 19. f4 a5 20. a4 Rd7 21. Rab1 Rb7 22. Nc1 Rb4 23. b3 Qb7 24. Kh2 Rc8 25. Qf3 Rxa4 26. Nd3 Ra2 27. Ne5 Qb5 28. Ra1 Rxa1 29. Rxa1 Nd4 30. Qc3 Nxb3 31. Ra3 a4 32. f5 exf5 33. Qf3 Rxc5 34. Ra2 Rc8 35. Qf4 Re8 36. Nf3 Nc5 37. Bxc5 Qxc5 38. Qxa4 Rd8 39. Re2 Bf8 40. Qh4 Qd6+ 41. g3 d4 42. Rd2 Bg7 43. Qf4 Qd5 44. Rd3 h6 45. h4 Kh7 46. Qd2 Qe4 47. Kg2 Be5 48. Ra3 Rc8 49. Ra2 d3 50. Kf2 Bd4+ 51. Kf1 Qxf3+ 0-1